 Seeded DCSS version 0.27-a0-1591-gc56fcc985a (webtiles) character file.

Game seed: 8972593883269044693 (custom seed)

501 Zonian the Conjurer (level 7, 0/25 (33) HPs)
             Began as a Vine Stalker Conjurer on July 20, 2021.
             Slain by Duvessa (2 damage)
             ... on level 5 of the Dungeon.
             The game lasted 00:08:16 (6616 turns).

Zonian the Conjurer (Vine Stalker Conjurer)         Turns: 6616, Time: 00:08:16

HP:   0/25 (33)     AC:  6    Str: 18    XL:     7   Next: 17%
MP:   0/14          EV: 13    Int: 18    God:
Gold: 131           SH:  0    Dex: 21    Spells: 11/14 levels left

rFire    . . .     SeeInvis .   q - +5 quick blade
rCold    . . .     Faith    .   (no shield)
rNeg     . . .     Spirit   +   a - +1 robe
rPois    +         Reflect  .   (no helmet)
rElec    .         Harm     .   (no cloak)
rCorr    .         Rampage  .   o - +2 pair of gloves {Str+3}
Will     .....                  (no boots)
Stlth    ++........             (no amulet)
HPRegen  1.08/turn              p - ring "Domy" {rPois Str+6 Dex+6 Stlth-}
MPRegen  0.14/turn              (no ring)

@: heavily drained
A: fangs 2, regeneration 1, magic shield, antimagic bite, no potion heal 2
a: no special abilities


You were on level 5 of the Dungeon.
You visited 1 branch of the dungeon, and saw 5 of its levels.

You collected 131 gold pieces.

Inventory:

Hand Weapons
 b - a +0 dagger
 f - a +1 dagger of venom
 i - a +2 dagger of freezing
 q - a +5 quick blade (weapon)
Missiles
 k - 7 boomerangs
Armour
 a - a +1 robe (worn)
 o - a +2 pair of gloves of strength (worn)
Jewellery
 p - the ring "Domy" (left hand) {rPois Str+6 Dex+6 Stlth-}
   (You acquired it on level 4 of the Dungeon)

   [ring of strength]

   Str:       It affects your strength (+6).
   Dex:       It affects your dexterity (+6).
   rPois:     It protects you from poison.
   Stlth:     It makes you less stealthy.
Scrolls
 d - a scroll of noise
 e - a scroll of teleportation
 g - a scroll of immolation
 r - a scroll of brand weapon {unknown}
Potions
 c - a potion of haste
 h - 3 potions of curing {unknown}
 j - a potion of heal wounds
 l - a potion of berserk rage {unknown}
 m - a potion of flight {unknown}
 n - a potion of brilliance {unknown}
 s - a potion of resistance {unknown}


   Skills:
 + Level 1.2 Fighting
 + Level 1.8 Short Blades
 + Level 2.5 Dodging
 + Level 4.3 Stealth
 + Level 4.0 Spellcasting
 + Level 5.8 Conjurations


You had 11 spell levels left.
You knew the following spells:

 Your Spells              Type           Power      Damage    Failure   Level
a - Magic Dart            Conj           96%        1d7       1%          1
b - Searing Ray           Conj           48%        3d5       1%          2

Your spell library contained the following spells:

 Spells                   Type           Power      Damage    Failure   Level
 Dazzling Flash           Conj/Hex       28%        N/A       13%         3
 Corpse Rot               Necr/Air       N/A        N/A       22%         2
 Slow                     Hex            3%         N/A       22%         2
 Confusing Touch          Hex            3%         N/A       41%         3
 Vampiric Draining        Necr           1%         2d6       41%         3
 Fulminant Prism          Conj/Hex       7%         3d7       41%         4
 Iskenderun's Mystic Bla  Conj/Tloc      14%        2d5       41%         4
 Dispel Undead            Necr           3%         3d7       82%         4
 Death Channel            Necr           1%         N/A       100%        6


Dungeon Overview and Level Annotations

Branches:
Dungeon (5/15)
 Temple: D:4-7

Altars:
Cheibriados
Fedhas
Nemelex Xobeh
Zin

Annotations:
D:5 Dowan, Duvessa


Innate Abilities, Weirdness & Mutations

You have extremely sharp teeth.
Your natural rate of healing is unusually fast.
When hurt, damage is shared between your health and your magic reserves.
Your bite disrupts and absorbs the magic of your enemies.
Potions cannot restore your health.


Message History

Duvessa is lightly wounded.
You hit Duvessa. You bite Duvessa, but do no damage.
Duvessa is moderately wounded.
Duvessa hits you with a +3 rapier of draining.
You feel drained.
You barely miss Duvessa. Your bite misses Duvessa.
Duvessa is moderately wounded.
Duvessa closely misses you.
You hit Duvessa.
Duvessa is moderately wounded.
You barely miss Duvessa. You bite Duvessa. You drain her power.
You feel invigorated.
Duvessa is heavily wounded.
Duvessa hits you with a +3 rapier of draining!
You feel drained.
You hit Duvessa but do no damage. You bite Duvessa, but do no damage.
Duvessa is heavily wounded.
You closely miss Duvessa. You bite Duvessa. You drain her power.
You feel invigorated.
Duvessa is heavily wounded.
Duvessa hits you with a +3 rapier of draining!
You feel drained.
Unknown command.
You hit Duvessa but do no damage. You bite Duvessa. You drain her power.
You feel invigorated.
Duvessa is heavily wounded.
Duvessa hits you with a +3 rapier of draining!
* * * LOW HITPOINT WARNING * * *
You feel drained.
You closely miss Duvessa. Your bite misses Duvessa.
Duvessa is heavily wounded.
Unknown command.
You aren't carrying any items that you can evoke.
Unknown command.
You hit Duvessa.
Duvessa is heavily wounded.
Duvessa hits you with a +3 rapier of draining.
* * * LOW HITPOINT WARNING * * *
You feel drained.
You die...

...# ....#####
......#.######
...#.........#######
...#....####.......###
................##...##
..........##.##.@ee)?.#
..........#...#.##.##.#
..##.##.........#...#
...#####..#...........
...#......##..#.....#..#
................#..##..#
##.#...#.##..#...).. .#
.###.....#.....#..## #
..####.#.. ......


You could see Duvessa and Dowan.

Vanquished Creatures
  A black bear (D:4)
  An ogre (D:4)
  A water moccasin skeleton (D:5)
  2 jellies
  An orc wizard (D:3)
  An iguana (D:4)
  5 adders (D:4)
  An adder skeleton (D:4)
  4 worms
  A dart slug (D:3)
  10 orcs
  5 ball pythons
  3 bats
  8 endoplasms
  3 giant cockroaches
  6 goblins
  3 hobgoblins
  5 jackals
  2 quokkas
  2 frilled lizards (D:1)
  9 kobolds
  7 rats
  A bush (D:4)
82 creatures vanquished.

Vanquished Creatures (others)
  22 plants (D:4)
22 creatures vanquished.

Grand Total: 104 creatures vanquished

Notes
Turn   | Place    | Note
-------+----------+-------------------------------------------
     0 | D:1      | Zonian the Vine Stalker Conjurer began the quest for the
                  | Orb.
     0 | D:1      | Reached XP level 1. HP: 9/9 MP: 4/4
   391 | D:1      | Reached XP level 2. HP: 11/13 MP: 3/6
   943 | D:1      | Reached XP level 3. HP: 16/16 MP: 3/7
  1330 | D:1      | Found a faded altar of an unknown god.
  2399 | D:2      | Reached skill level 5 in Conjurations
  2853 | D:3      | Found a blossoming altar of Fedhas.
  2933 | D:3      | Gained mutation: Your natural rate of healing is unusually
                  | fast. [Vine Stalker growth]
  2933 | D:3      | Reached XP level 4. HP: 21/21 MP: 5/8
  4540 | D:4      | Noticed an ogre
  4579 | D:4      | Killed an ogre
  4580 | D:4      | Reached skill level 1 in Short Blades
  4580 | D:4      | Reached XP level 5. HP: 23/24 MP: 5/11
  4958 | D:4      | Found a glowing silver altar of Zin.
  4965 | D:4      | Found a sparkling altar of Nemelex Xobeh.
  5117 | D:4      | Reached XP level 6. HP: 15/28 MP: 2/12
  5120 | D:4      | Learned a level 2 spell: Searing Ray
  5297 | D:4      | Identified 3 scrolls of acquirement
  5297 | D:4      | Acquired the ring "Domy" {rPois Str+6 Dex+6 Stlth-}
  5306 | D:4      | Acquired a +5 quick blade
  5309 | D:4      | Acquired a +2 pair of gloves of strength
  5450 | D:4      | Found a snail-covered altar of Cheibriados.
  5864 | D:4      | Noticed a black bear
  5879 | D:4      | Killed a black bear
  6197 | D:4      | Reached skill level 1 in Fighting
  6411 | D:5      | Entered Level 5 of the Dungeon
  6424 | D:5      | Reached XP level 7. HP: 32/33 MP: 12/14
  6600 | D:5      | Noticed Duvessa
  6601 | D:5      | Noticed Dowan
  6616 | D:5      | Slain by Duvessa

Illustrated notes

Levels and vault maps discovered:
D:1:      dpeg_arrival_renting, layout_basic,
          hellmonk_ecumenical_altar_arch_garden, minmay_misc_feat_room
D:2:      layout_loops_cross
D:3:      layout_basic, fedhas_altar_3
D:4:      layout_loops_corners, mainiacjoe_overflow_divided_tiny,
          mainiacjoe_overflow_cross_hatched, serial_forest,
          infiniplex_forest_clump_small, infiniplex_forest_end_1,
          infiniplex_forest_clump_medium, infiniplex_forest_corner_1,
          infiniplex_forest_split, infiniplex_forest_clump_double,
          infiniplex_forest_lined_3, infiniplex_forest_3_way,
          infiniplex_forest_end_1
D:5:      minmay_general_purpose_star, layout_cave_pools,
          minmay_temple_entry_enclosed_plants, hangedman_decor_clover_reticule,
          uniq_sigmund, uniq_duvessa, uniq_menkaure

Skill      XL: |  1  2  3  4  5  6 |
---------------+-------------------+-----
Conjurations   | 5 |  5.8
Stealth        | 3 4 |  4.3
Dodging        | 2 |  2.5
Short Blades   | 1 |  1.8
Spellcasting   | 3 4 |  4.0
Fighting       | 1 |  1.2

Action                   |  1- 3 |  4- 6 |  7- 9 || total
-------------------------+-------+-------+-------++-------
Melee: Dagger            |    39 |   102 |       ||   141
       Bite              |     6 |    57 |     8 ||    71
       Quick blade       |       |    35 |    13 ||    48
 Cast: Magic Dart        |    81 |    61 |     6 ||   148
  Use: Scroll            |       |     9 |       ||     9
 Stab: Sleeping          |     1 |     3 |     1 ||     5
Armor: Robe              |     8 |    12 |       ||    20
Dodge: Dodged            |    45 |    37 |     1 ||    83

Table legend: (Time is in decaauts)
 A = Elapsed time spent in this place.
 B = Non-inter-level travel time spent in this place.
 C = Inter-level travel time spent in this place.
 D = Time resting spent in this place.
 E = Time spent auto-exploring this place.
 F = Levels seen in this place.
 G = Mean time per level.
                   A        B        C        D        E       F      G
               +--------+--------+--------+--------+--------+-----+--------+
         Total |   6593 |   6436 |    157 |   2905 |   2811 |   5 | 1318.6 |
       Dungeon |   6593 |   6436 |    157 |   2905 |   2811 |   5 | 1318.6 |
               +--------+--------+--------+--------+--------+-----+--------+

Top non-repeatable levels by time:
     D:3: 1946 daAuts
     D:4: 1699 daAuts
     D:1: 1481 daAuts
     D:2: 1268 daAuts
     D:5: 197 daAuts
